 Seeded DCSS version 0.29.1-15-g9cfb28693d (webtiles) character file.

Game seed: 16245865983455551772 (custom seed)

163 Darius099 the Sneak (level 5, 0/51 HPs)
             Began as an Octopode Brigand on Mar 8, 2023.
             Slain by Natasha (2 damage)
             ... on level 3 of the Dungeon.
             The game lasted 00:04:23 (2252 turns).

Darius099 the Sneak (Octopode Brigand)              Turns: 2252, Time: 00:04:24

Health: 0/51       AC: 22    Str: 10    XL:     5   Next: 44%
Magic:  5/5        EV:  2    Int: 26    God:
Gold:   122        SH:  0    Dex: 15    Spells: 4/4 levels left

rFire   . . .      SeeInvis .   a - +7 quick blade
rCold   . . .      Faith    .   (no shield)
rNeg    . . .      Spirit   .   (helmet currently unavailable)
rPois   +          Reflect  .   (no amulet)
rElec   .          Harm     .   h - +6 ring of intelligence
rCorr   .          Rampage  .   i - +6 ring of intelligence
Will    .....      NoTele   +   (no ring)
Stlth   ++++......              (no ring)
HPRegen 0.17/turn               (no ring)
MPRegen 0.09/turn               (no ring)
                                (no ring)
                                (no ring)

@: tree-form, slowed, very slow
A: stationary, stasis, torment immunity, boosted hp, almost no armour,
(amphibious), 8 rings, (camouflage 1), (gelatinous body 1), (nimble swimmer 1),
(tentacles)
a: no special abilities


You were on level 3 of the Dungeon.
You were a tree.
You visited 1 branch of the dungeon, and saw 3 of its levels.

You collected 122 gold pieces.

Inventory:

Hand Weapons
 a - a +7 quick blade (weapon)
Missiles
 b - 11 poisoned darts (quivered)
 c - 3 curare-tipped darts
Jewellery
 h - a +6 ring of intelligence (left branch)
 i - a +6 ring of intelligence (right branch)
Wands
 n - a wand of roots (4)
Scrolls
 d - a scroll of acquirement
 g - 2 scrolls of teleportation {unknown}
 j - 2 scrolls of identify {unknown}
 l - a scroll of summoning {unknown}
 m - a scroll of enchant weapon {unknown}
 o - a scroll of noise {unknown}
Potions
 e - a potion of might {unknown}
 f - a potion of flight


   Skills:
 - Level 2.1 Fighting
 + Level 3.9 Short Blades
 - Level 2.1 Throwing
 - Level 1.2 Dodging
 + Level 7.3 Stealth


You had 4 spell levels left.
You didn't know any spells.
Your spell library contained the following spells:

 Spells                   Type           Power      Damage    Failure   Level
 Sting                    Tmut/Pois      0%         1d3       13%         1
 Poisonous Vapours        Pois/Air       0%         N/A       19%         2
 Olgreb's Toxic Radiance  Pois           0%         N/A       77%         4
 Chain Lightning          Conj/Air       0%         N/A       100%        9
 Fire Storm               Conj/Fire      0%         5d1       100%        9
 Shatter                  Erth           0%         3d5*      100%        9


Dungeon Overview and Level Annotations

Branches:
Dungeon (3/15)

Altars:

Shops:
D:3 [

Annotations:
D:3 Natasha


Innate Abilities, Weirdness & Mutations

You are a tree.
Your roots penetrate the ground, keeping you stationary.
You cannot be teleported.
You are immune to unholy pain and torment.
Your maximum health is greatly increased.
You cannot wear most types of armour.
((You are amphibious.))
You can wear up to eight rings at the same time.
((Your skin changes colour to match your surroundings (Stealth+).))
((Your rubbery body absorbs attacks. (AC +1, EV +1)))
((You are camouflaged when in or above water. (Stealth+)))
((You have tentacles for arms and can constrict up to eight enemies at once.))


Message History

The adder hisses angrily.
You hit the orc. You grab the orc.
The orc is lightly wounded.
You constrict the orc, but do no damage.
You feel sick. The orc barely misses you.
You hit the orc priest. Your grab misses the orc priest.
Your squeeze misses the orc priest.
The orc priest is moderately wounded.
You constrict the orc, but do no damage.
You feel sick. Natasha misses you. The orc priest closely misses you.
The orc closely misses you.
You hit the orc priest. Your grab misses the orc priest.
The orc priest is severely wounded.
You constrict the orc.
You feel sick. Natasha claws you. The orc closely misses you.
The orc priest mumbles some strange prayers to Beogh against you.
You barely resist. You puncture the orc priest!
You kill the orc priest!
You constrict the orc.
You feel sick.
A ball python comes into view.
Natasha barely misses you. The orc hits you with a +0 club.
* * * LOW HITPOINT WARNING * * *
You release your grip on the orc.
The orc attacks as you move away! The orc hits you with a +0 club.
* * * LOW HITPOINT WARNING * * *
Natasha attacks as you move away! Natasha misses you.
You feel sick. Natasha barely misses you.
It was a potion of flight.
You feel very buoyant.
You fly up into the air.
You feel sick. The orc closely misses you. The hobgoblin barely misses you.
Natasha misses you.
The rat twitches its whiskers.
The hobgoblin closely misses you. The orc hits you with a +0 club.
* * * LOW HITPOINT WARNING * * *
It was a potion of lignification.
You turn into a tree.
Your roots penetrate the ground.
You feel sick.
You are no longer poisoned.
Natasha claws you.
You die...

#...# ###.#
#.########### ##
#.#.........# #.
#.#.........# #. .#.
#.#.........# #.
.....###.'.........#
#.
.........#.....g...#
#.
##########....♣hr..#
## #....)oS..##
####'##....#
#.##.S..# #...)...#
# #........# #
#.........# #
#........... #
#........##P #


You could see Natasha, an adder, an orc, a hobgoblin, a ball python and a rat.

Vanquished Creatures
  An orc priest (D:3)
  Jessica (D:2)
  2 orc wizards (D:3)
  An adder (D:2)
  4 orcs (D:3)
  4 ball pythons
  3 bats
  5 endoplasms
  2 goblins (D:1)
  6 hobgoblins
  4 kobolds
  3 quokkas (D:1)
  3 frilled lizards
  5 rats
44 creatures vanquished.

Notes
Turn   | Place    | Note
-------+----------+-------------------------------------------
     0 | D:1      | Darius099 the Octopode Brigand began the quest for the Orb.
     0 | D:1      | Reached XP level 1. HP: 14/14 MP: 1/1
   280 | D:1      | Reached XP level 2. HP: 19/19 MP: 2/2
   351 | D:1      | Found a faded altar of an unknown god.
  1003 | D:1      | Reached XP level 3. HP: 24/24 MP: 3/3
  1102 | D:2      | Reached skill level 6 in Stealth
  1179 | D:2      | Noticed Jessica
  1183 | D:2      | Killed Jessica
  1184 | D:2      | Reached XP level 4. HP: 29/29 MP: 4/4
  1930 | D:3      | Found Ymmy Ciutu's Antique Armour Shoppe.
  1954 | D:3      | Reached skill level 7 in Stealth
  1954 | D:3      | Reached XP level 5. HP: 17/34 MP: 5/5
  2201 | D:3      | Identified 3 scrolls of acquirement
  2201 | D:3      | Acquired a +5 quick blade
  2209 | D:3      | Acquired a +7 quick blade
  2236 | D:3      | Noticed Natasha
  2252 | D:3      | HP: 2/51 [poisoned by an orc]
  2252 | D:3      | Slain by Natasha

Illustrated notes

Levels and vault maps discovered:
D:1:      minmay_arrival_hallway, layout_loops_corners, basic_ecumenical_altar,
          minmay_unequal
D:2:      layout_loops_ring, uniq_jessica
D:3:      layout_basic, serial_shops, nicolae_shop_advertising_works
          [nicolae_subvault_shop_adworks], minmay_shallow_snake_nest,
          uniq_natasha

Skill      XL: |  1  2  3  4 |
---------------+-------------+-----
Stealth        | 6 7 |  7.3
Short Blades   | 3 |  3.9
Fighting       | |  2.1
Throwing       | |  2.1
Dodging        | |  1.2

Action                   |  1- 3 |  4- 6 || total
-------------------------+-------+-------++-------
Melee: Dagger            |    35 |    49 ||    84
       Constrict         |     6 |    13 ||    19
       Tentacles         |     2 |    13 ||    15
       Punch             |       |     1 ||     1
       Quick blade       |       |     6 ||     6
  Use: Scroll            |       |     2 ||     2
       Potion            |       |     2 ||     2
 Stab: Sleeping          |    11 |     4 ||    15
       Distracted        |       |     1 ||     1
Armor: Skin              |     2 |     3 ||     5
Dodge: Dodged            |    12 |    41 ||    53
